Stars vs Kings (R1)

Created - January 27, 2020 at 21:12

Goals
1 2 3 OT1 T
Stars 0 1 1 1 3
Kings 0 1 1 0 2
Shots
1 2 3 OT1 T
Stars 7 14 18 1 40
Kings 12 7 10 0 29

1st period

No Goal

Penalties :
Michael Grabner (Dal) for Roughing (Minor) at 1:33, Mark Scheifele (LAK) for Interference (Minor) at 17:16

2nd period

1. Stars , John Tavares 18 (Michael Grabner 19, Guillaume Latendresse 23) at 8:01 (PP)
2. Kings , Matt Martin 11 (Nathan MacKinnon 10, Radko Gudas 13) at 18:27

Penalties :
Guillaume Latendresse (Dal) for Roughing (Minor) at 0:03, Zack Kassian (LAK) for Interference (Minor) at 6:21, Dan Hamhuis (LAK) for Hooking (Minor) at 14:08, Guillaume Latendresse (Dal) for Hooking (Minor) at 18:38

3rd period

3. Stars , Johnny Oduya 1 (Boris Valabik 8, Michael Grabner 20) at 10:47 (PP)
4. Kings , T.J. Oshie 7 (Peter Regin 8, Radko Gudas 14) at 12:28

Penalties :
Boris Valabik (Dal) for Tripping (Minor) at 5:56, Dan Hamhuis (LAK) for Hooking (Minor) at 10:29, Maxim Afinogenov (LAK) for Holding (Minor) at 14:08

Overtime #1

5. Stars , Guillaume Latendresse 15 (John Tavares 27, Brian Lee 12) at 0:08

Penalties :
No Penalty

Goalie Stats

Cory Schneider (Dal), 27 saves from 29 shots - (0.931), W, 22-10-1, 60:08 minutes
Philipp Grubauer (LAK), 37 saves from 40 shots - (0.925), OTL, 18-10-2, 60:08 minutes

Players Stats for Stars

Player Name              G  A  P  +/- PIM S  H  SB GA TA FO     MP     PP MP  PK MP  
------------------------------------------------------------------------------------
Alex Chiasson            0  0  0  -2  0   2  1  0  1  0  2/4    16:11   2:37   0:00 
Alexander Frolov         0  0  0   0  0   2  1  1  0  0  0/1    12:38   0:18   2:16 
Andrej Sustr             0  0  0   0  0   1  0  1  0  1  0/0    12:51   0:00   1:09 
Antoine Vermette         0  0  0  -2  0   4  1  0  0  0  3/13   18:48   2:34   2:39 
B.J. Crombeen            0  0  0   0  0   2  1  0  0  0  0/0    10:17   0:15   0:00 
Boris Valabik            0  1  1   0  2   1  1  0  2  1  0/0    20:17   3:35   2:47 
Brian Lee                0  1  1  -1  0   1  3  4  0  3  0/0    27:00   4:20   4:00 
Cam Atkinson             0  0  0   0  0   0  0  0  0  1  0/0     6:29   0:00   0:00 
Cory Emmerton            0  0  0   0  0   3  1  0  0  0  2/4    11:40   0:00   2:04 
Evgeny Grachev           0  0  0   0  0   0  0  0  0  0  0/2     6:41   0:00   0:09 
Guillaume Latendresse    1  1  2   1  4   5  1  0  0  0  1/2    21:26   5:03   2:16 
Ian White                0  0  0  -1  0   1  3  1  0  0  0/0    27:00   4:20   4:00 
John Tavares             1  1  2   1  0   6  2  0  2  0  24/39  23:54   5:03   4:45 
Johnny Oduya             1  0  1   0  0   3  0  2  0  0  0/0    21:27   3:35   3:56 
Jussi Jokinen            0  0  0  -2  0   3  0  0  0  0  1/1    17:57   2:37   1:43 
Michael Grabner          0  2  2   0  2   4  2  0  3  0  1/1    19:02   5:03   0:00 
Niklas Hjalmarsson       0  0  0   0  0   1  1  0  1  0  0/0    11:41   0:00   0:00 
Ted Purcell              0  0  0   0  0   1  1  1  0  1  0/0     7:12   0:15   0:00 

Players Stats for Kings

Player Name              G  A  P  +/- PIM S  H  SB GA TA FO     MP     PP MP  PK MP  
------------------------------------------------------------------------------------
Anze Kopitar             0  0  0  -1  0   3  2  0  1  0  6/14   19:08   3:02   2:27 
Dan Hamhuis              0  0  0   0  4   0  0  0  0  1  0/0    15:25   0:00   1:51 
Hampus Lindholm          0  0  0   0  0   4  2  1  0  1  0/0    20:22   4:54   0:34 
Jaden Schwartz           0  0  0   0  0   2  1  0  2  1  0/1    19:13   4:04   1:47 
Jeff Schultz             0  0  0  -1  0   1  1  2  1  3  0/0    22:33   3:02   4:48 
Kris Versteeg            0  0  0  -1  0   1  2  0  1  0  0/0    16:36   3:52   0:00 
Mark Scheifele           0  0  0   0  2   2  1  0  0  0  13/20  16:44   3:52   0:18 
Matt Martin              1  0  1   1  0   1  0  3  1  0  3/9    15:02   0:00   4:35 
Maxim Afinogenov         0  0  0   1  2   0  1  0  0  0  0/0    13:44   0:00   3:11 
Nathan MacKinnon         0  1  1   1  0   2  3  0  0  0  8/15   14:24   4:04   0:00 
Patrick Marleau          0  0  0   1  0   1  1  0  0  0  1/1     9:52   0:00   1:46 
Peter Regin              0  1  1   1  0   0  0  0  0  0  1/5     9:41   0:00   1:46 
Radko Gudas              0  2  2   2  0   1  3  1  0  1  0/0    17:36   0:00   3:07 
Sean Bergenheim          0  0  0   0  0   4  2  0  1  0  0/1    16:06   3:52   0:00 
T.J. Oshie               1  0  1   1  0   1  0  1  0  0  0/0     7:52   0:00   0:00 
Taylor Chorney           0  0  0   0  0   2  2  3  0  0  0/0    19:01   0:00   4:48 
Victor Hedman            0  0  0   1  0   1  0  1  0  1  0/0    21:55   4:54   0:42 
Zack Kassian             0  0  0   0  2   3  1  0  0  1  1/1    17:18   4:04   0:00 

3 Stars

1 - John Tavares (Dal)
2 - Radko Gudas (LAK)
3 - Matt Martin (LAK)

Power Play

Stars - 2 on 4 Attempt(s) - 50.00%
Kings - 0 on 5 Attempt(s) - 0.00%

Penalty Kill

Stars - 5 on 5 Attempt(s) - 100.00% - Score 0 goal in Penalty Kill
Kings - 2 on 4 Attempt(s) - 50.00% - Score 0 goal in Penalty Kill

Team Stat

Stars - Hits : 19 - Faceoff Wins : 34 - Blocked Shots : 10 - Penalty Minutes : 8
Kings - Hits : 22 - Faceoff Wins : 33 - Blocked Shots : 12 - Penalty Minutes : 10

Official

Referees : Unknown
Linesman : Unknown

Game Notes

19:38 of 1st period - Penalty Shot by Niklas Hjalmarsson for Stars - Shot Misses the Net
Radko Gudas is injured at 15:15 of 3rd period (Back Spasms)

Finance

Level 1 -- Attendance: 4463 (74.38%) -- Ticket Income $535,560
Level 2 -- Attendance: 4067 (81.34%) -- Ticket Income $305,025
Level 3 -- Attendance: 1492 (74.60%) -- Ticket Income $67,140
Level 4 -- Attendance: 3975 (99.38%) -- Ticket Income $119,250
Luxury Box -- Attendance: 913 (91.30%) -- Ticket Income $164,340
Game was played at the Staples Center.
Total Attendance: 14910 (82.83%)
Total Ticket Income: $1,191,315
Other Income: $178,697
Total Income: $1,370,012

Stars

5 vs 5 Forward 
   Center                   Left Wing                Right Wing               Time % Phy DF OF 
 1 John Tavares             Guillaume Latendresse    Michael Grabner          40     1   2  2  
 2 Antoine Vermette         Jussi Jokinen            Alex Chiasson            30     1   2  2  
 3 Cory Emmerton            Alexander Frolov         B.J. Crombeen            20     1   2  2  
 4 Evgeny Grachev           Ted Purcell              Cam Atkinson             10     1   2  2  

5 vs 5 Defense 
   Defense                  Defense                                           Time % Phy DF OF 
 1 Ian White                Brian Lee                                         40     1   2  2  
 2 Boris Valabik            Johnny Oduya                                      30     1   2  2  
 3 Niklas Hjalmarsson       Andrej Sustr                                      20     1   2  2  
 4 Ian White                Brian Lee                                         10     1   2  2  

PowerPlay Forward 
   Center                   Left Wing                Right Wing               Time % Phy DF OF 
 1 John Tavares             Guillaume Latendresse    Michael Grabner          60     0   2  3  
 2 Antoine Vermette         Jussi Jokinen            Alex Chiasson            40     0   2  3  

PowerPlay Defense
   Defense                  Defense                                           Time % Phy DF OF 
 1 Ian White                Brian Lee                                         60     0   2  3  
 2 Boris Valabik            Johnny Oduya                                      40     0   2  3  

Penalty Kill 4 Players Forward 
   Center                   Wing                     Time % Phy DF OF 
 1 John Tavares             Guillaume Latendresse    60     0   3  2  
 2 Jussi Jokinen            Antoine Vermette         40     0   3  2  

Penalty Kill 4 Players Defense
   Defense                  Defense                  Time % Phy DF OF 
 1 Ian White                Brian Lee                60     0   3  2  
 2 Boris Valabik            Johnny Oduya             40     0   3  2  

Penalty Kill - 3 Players Forward 
   Forward                                           Time % Phy DF OF 
 1 John Tavares                                      60     0   3  2  
 2 Guillaume Latendresse                             40     0   3  2  

Penalty Kill - 3 Players Defense
   Defense                  Defense                  Time % Phy DF OF 
 1 Ian White                Brian Lee                60     0   3  2  
 2 Boris Valabik            Johnny Oduya             40     0   3  2  

4 vs 4 Forward 
   Center                   Wing                     Time % Phy DF OF 
 1 John Tavares             Guillaume Latendresse    60     1   2  2  
 2 Jussi Jokinen            Antoine Vermette         40     1   2  2  

4 vs 4 Defense
   Defense                  Defense                  Time % Phy DF OF 
 1 Ian White                Brian Lee                60     1   2  2  
 2 Boris Valabik            Johnny Oduya             40     1   2  2  

Last Minutes Offensive
   Center                   Left Wing                Right Wing               Defense                  Defense                  
   John Tavares             Guillaume Latendresse    Michael Grabner          Ian White                Brian Lee                

Last Minutes Defensive
   Center                   Left Wing                Right Wing               Defense                  Defense                  
   John Tavares             Guillaume Latendresse    Michael Grabner          Ian White                Brian Lee                

Goaltenders
Starting : Cory Schneider           
Backup : Brian Elliott            

Extra Forwards
Normal : Alexander Frolov, Ted Purcell, Cory Emmerton - PP : Alexander Frolov, Ted Purcell - PK : Cory Emmerton
Extra Defensemen
Normal : Niklas Hjalmarsson, Andrej Sustr, Boris Valabik - PP : Niklas Hjalmarsson - PK : Andrej Sustr, Boris Valabik
Penalty Shots
John Tavares, Guillaume Latendresse, Jussi Jokinen, Antoine Vermette, Alexander Frolov

Scratches
Shawn Matthias (Healthy)

Kings

5 vs 5 Forward 
   Center                   Left Wing                Right Wing               Time % Phy DF OF 
 1 Anze Kopitar             Jaden Schwartz           Zack Kassian             35     1   2  2  
 2 Mark Scheifele           Sean Bergenheim          Kris Versteeg            35     1   2  2  
 3 Nathan MacKinnon         Matt Martin              Maxim Afinogenov         25     1   2  2  
 4 Peter Regin              Patrick Marleau          T.J. Oshie               5      0   3  2  

5 vs 5 Defense 
   Defense                  Defense                                           Time % Phy DF OF 
 1 Hampus Lindholm          Jeff Schultz                                      35     0   3  2  
 2 Victor Hedman            Radko Gudas                                       35     1   2  2  
 3 Taylor Chorney           Dan Hamhuis                                       30     1   3  1  
 4 Taylor Chorney           Radko Gudas                                       0      1   2  2  

PowerPlay Forward 
   Center                   Left Wing                Right Wing               Time % Phy DF OF 
 1 Nathan MacKinnon         Jaden Schwartz           Zack Kassian             60     1   0  4  
 2 Mark Scheifele           Sean Bergenheim          Kris Versteeg            40     1   0  4  

PowerPlay Defense
   Defense                  Defense                                           Time % Phy DF OF 
 1 Hampus Lindholm          Victor Hedman                                     60     0   2  3  
 2 Jeff Schultz             Anze Kopitar                                      40     0   2  3  

Penalty Kill 4 Players Forward 
   Center                   Wing                     Time % Phy DF OF 
 1 Matt Martin              Maxim Afinogenov         60     1   3  1  
 2 Peter Regin              Patrick Marleau          40     1   3  1  

Penalty Kill 4 Players Defense
   Defense                  Defense                  Time % Phy DF OF 
 1 Jeff Schultz             Taylor Chorney           60     1   4  0  
 2 Radko Gudas              Dan Hamhuis              40     1   4  0  

Penalty Kill - 3 Players Forward 
   Forward                                           Time % Phy DF OF 
 1 Zack Kassian                                      60     1   3  1  
 2 Anze Kopitar                                      40     1   3  1  

Penalty Kill - 3 Players Defense
   Defense                  Defense                  Time % Phy DF OF 
 1 Jeff Schultz             Taylor Chorney           60     1   4  0  
 2 Hampus Lindholm          Radko Gudas              40     1   4  0  

4 vs 4 Forward 
   Center                   Wing                     Time % Phy DF OF 
 1 Anze Kopitar             Kris Versteeg            60     1   2  2  
 2 Nathan MacKinnon         Zack Kassian             40     1   1  3  

4 vs 4 Defense
   Defense                  Defense                  Time % Phy DF OF 
 1 Victor Hedman            Jeff Schultz             60     1   2  2  
 2 Hampus Lindholm          Radko Gudas              40     1   2  2  

Last Minutes Offensive
   Center                   Left Wing                Right Wing               Defense                  Defense                  
   Anze Kopitar             Jaden Schwartz           Zack Kassian             Hampus Lindholm          Victor Hedman            

Last Minutes Defensive
   Center                   Left Wing                Right Wing               Defense                  Defense                  
   Anze Kopitar             Sean Bergenheim          Zack Kassian             Jeff Schultz             Radko Gudas              

Goaltenders
Starting : Philipp Grubauer         
Backup : Antti Niemi              

Extra Forwards
Normal : Zack Kassian, Kris Versteeg, Maxim Afinogenov - PP : Matt Martin, Maxim Afinogenov - PK : Anze Kopitar
Extra Defensemen
Normal : Hampus Lindholm, Victor Hedman, Dan Hamhuis - PP : Radko Gudas - PK : Hampus Lindholm, Victor Hedman
Penalty Shots
Jaden Schwartz, Kris Versteeg, Anze Kopitar, Peter Regin, Matt Martin

Scratches
None


% Time on Ice - Stars

Lines # - Real PCT - Wanted PCT - Time Play
Normal Forward
1 - 32% - 40% - 14:01
2 - 32% - 30% - 14:03
3 - 22% - 20% - 9:36
4 - 15% - 10% - 6:29
Normal Defense
1 - 40% - 40% - 17:48
2 - 32% - 30% - 13:56
3 - 26% - 20% - 11:41
4 - 2% - 10% - 0:44
PP Forward
1 - 64% - 60% - 5:03
2 - 36% - 40% - 2:52
PP Defense
1 - 55% - 60% - 4:20
2 - 45% - 40% - 3:35
PK Forward
1 - 83% - 60% - 6:34
2 - 17% - 40% - 1:22
PK Defense
1 - 50% - 60% - 4:00
2 - 50% - 40% - 3:56
PK3 Forward
1 - 0% - 60%
2 - 0% - 40%
PK3 Defense
1 - 0% - 60%
2 - 0% - 40%
44 Forward
1 - 100% - 60% - 0:08
2 - 0% - 40% - 0:00
44 Defense
1 - 100% - 60% - 0:08
2 - 0% - 40% - 0:00
Last Minute Offensive  - 0:00
Last Minute Defensive  - 0:00
Total
Forward - 60:08
Defense - 60:08

% Time on Ice - Kings

Lines # - Real PCT - Wanted PCT - Time Play
Normal Forward
1 - 31% - 35% - 13:33
2 - 28% - 35% - 12:17
3 - 24% - 25% - 10:27
4 - 18% - 5% - 7:52
Normal Defense
1 - 32% - 35% - 14:20
2 - 37% - 35% - 16:26
3 - 28% - 30% - 12:21
4 - 2% - 0% - 1:02
PP Forward
1 - 51% - 60% - 4:04
2 - 49% - 40% - 3:52
PP Defense
1 - 62% - 60% - 4:54
2 - 38% - 40% - 3:02
PK Forward
1 - 78% - 60% - 6:09
2 - 22% - 40% - 1:46
PK Defense
1 - 61% - 60% - 4:48
2 - 39% - 40% - 3:07
PK3 Forward
1 - 0% - 60%
2 - 0% - 40%
PK3 Defense
1 - 0% - 60%
2 - 0% - 40%
44 Forward
1 - 100% - 60% - 0:08
2 - 0% - 40% - 0:00
44 Defense
1 - 100% - 60% - 0:08
2 - 0% - 40% - 0:00
Last Minute Offensive  - 0:00
Last Minute Defensive  - 0:00
Total
Forward - 60:08
Defense - 60:08

Play-by-Play

1st period


0:01 of 1st period - John Tavares wins face-off versus Anze Kopitar in neutral zone.
0:26 of 1st period - Antoine Vermette is hit by Hampus Lindholm and loses puck.
1:07 of 1st period - Slapshot by Ian White.
1:07 of 1st period - Shot Blocked by T.J. Oshie.
1:30 of 1st period - Off-side.
1:31 of 1st period - John Tavares wins face-off versus Anze Kopitar in neutral zone.
1:33 of 1st period - Minor Penalty to Michael Grabner for Roughing.
1:34 of 1st period - Nathan MacKinnon wins face-off versus John Tavares in Stars zone.
1:36 of 1st period - Snap shot by Nathan MacKinnon.
1:36 of 1st period - Stopped by Cory Schneider without a rebound.
1:37 of 1st period - Nathan MacKinnon wins face-off versus John Tavares in Stars zone.
2:21 of 1st period - Off-side.
2:22 of 1st period - Zack Kassian wins face-off versus John Tavares in neutral zone.
2:31 of 1st period - Wrist shot by Jaden Schwartz.
2:31 of 1st period - Shot Misses the Net.
2:33 of 1st period - Slapshot by Jeff Schultz.
2:33 of 1st period - Stopped by Cory Schneider without a rebound.
2:34 of 1st period - John Tavares wins face-off versus Nathan MacKinnon in Stars zone.
2:49 of 1st period - Wrist shot by Zack Kassian.
2:49 of 1st period - Stopped by Cory Schneider without a rebound.
2:50 of 1st period - Mark Scheifele wins face-off versus John Tavares in Stars zone.
2:57 of 1st period - Slapshot by Anze Kopitar.
2:57 of 1st period - Stopped by Cory Schneider without a rebound.
2:58 of 1st period - Mark Scheifele wins face-off versus John Tavares in Stars zone.
3:33 of 1st period - Penalty to Michael Grabner is over, Michael Grabner is back on ice.
3:42 of 1st period - Johnny Oduya is hit by Jeff Schultz and loses puck.
3:53 of 1st period - Slapshot by Alexander Frolov.
3:53 of 1st period - Stopped by Philipp Grubauer with a rebound.
3:55 of 1st period - Snap shot by B.J. Crombeen.
3:55 of 1st period - Stopped by Philipp Grubauer without a rebound.
3:56 of 1st period - Cory Emmerton wins face-off versus Peter Regin in Kings zone.
4:03 of 1st period - Slapshot by Cory Emmerton.
4:03 of 1st period - Shot Misses the Net.
4:11 of 1st period - Victor Hedman is hit by B.J. Crombeen and loses puck.
4:25 of 1st period - Wrist shot by T.J. Oshie.
4:25 of 1st period - Shot Misses the Net.
4:51 of 1st period - Snap shot by Peter Regin.
4:51 of 1st period - Shot Blocked by Andrej Sustr.
4:53 of 1st period - Slapshot by Radko Gudas.
4:53 of 1st period - Stopped by Cory Schneider with a rebound.
4:55 of 1st period - Snap shot by Patrick Marleau.
4:55 of 1st period - Stopped by Cory Schneider without a rebound.
4:56 of 1st period - Mark Scheifele wins face-off versus Guillaume Latendresse in Stars zone.
5:09 of 1st period - Snap shot by Mark Scheifele.
5:09 of 1st period - Shot Misses the Net.
5:14 of 1st period - Off-side.
5:15 of 1st period - Antoine Vermette wins face-off versus Anze Kopitar in neutral zone.
5:18 of 1st period - Taylor Chorney is hit by Ian White and loses puck.
6:02 of 1st period - Icing by Nathan MacKinnon.
6:03 of 1st period - Nathan MacKinnon wins face-off versus Evgeny Grachev in Kings zone.
6:10 of 1st period - Snap shot by Nathan MacKinnon.
6:10 of 1st period - Shot Blocked by Johnny Oduya.
6:12 of 1st period - Backhand shot by Hampus Lindholm.
6:12 of 1st period - Shot Blocked by Johnny Oduya.
6:14 of 1st period - Slapshot by Hampus Lindholm.
6:14 of 1st period - Deflect By Nathan MacKinnon.
6:14 of 1st period - Shot Misses the Net.
6:14 of 1st period - Puck is out of play.
6:15 of 1st period - Antoine Vermette wins face-off versus Sean Bergenheim in Stars zone.
7:05 of 1st period - Wrist shot by Maxim Afinogenov.
7:05 of 1st period - Shot Misses the Net.
7:29 of 1st period - Alexander Frolov is hit by Radko Gudas and loses puck.
7:46 of 1st period - Jussi Jokinen is hit by Radko Gudas and loses puck.
8:20 of 1st period - Off-side.
8:21 of 1st period - Nathan MacKinnon wins face-off versus Alex Chiasson in neutral zone.
8:28 of 1st period - Ian White is hit by Nathan MacKinnon and loses puck.
8:37 of 1st period - Ian White is hit by Taylor Chorney.
8:58 of 1st period - Snap shot by Anze Kopitar.
8:58 of 1st period - Shot Blocked by Brian Lee.
9:14 of 1st period - Wrist shot by B.J. Crombeen.
9:14 of 1st period - Stopped by Philipp Grubauer with a rebound.
9:16 of 1st period - Slapshot by Alexander Frolov.
9:16 of 1st period - Shot Blocked by Hampus Lindholm.
9:18 of 1st period - Slapshot by Ian White.
9:18 of 1st period - Deflect By Cory Emmerton.
9:18 of 1st period - Stopped by Philipp Grubauer with a rebound.
9:22 of 1st period - Snap shot by Cory Emmerton.
9:22 of 1st period - Stopped by Philipp Grubauer with a rebound.
9:24 of 1st period - Backhand shot by Brian Lee.
9:24 of 1st period - Deflect By Cory Emmerton.
9:24 of 1st period - Shot Misses the Net.
9:24 of 1st period - Puck is out of play.
9:25 of 1st period - Alex Chiasson wins face-off versus Nathan MacKinnon in Kings zone.
9:40 of 1st period - Snap shot by Alex Chiasson.
9:40 of 1st period - Shot Misses the Net.
9:52 of 1st period - Johnny Oduya is hit by Mark Scheifele.
10:06 of 1st period - Wrist shot by Sean Bergenheim.
10:06 of 1st period - Shot Misses the Net.
11:40 of 1st period - Radko Gudas is hit by Guillaume Latendresse and loses puck.
12:32 of 1st period - Snap shot by John Tavares.
12:32 of 1st period - Stopped by Philipp Grubauer without a rebound.
12:33 of 1st period - Mark Scheifele wins face-off versus Alex Chiasson in Kings zone.
12:44 of 1st period - Slapshot by Mark Scheifele.
12:44 of 1st period - Stopped by Cory Schneider with a rebound.
13:06 of 1st period - Slapshot by Hampus Lindholm.
13:06 of 1st period - Stopped by Cory Schneider without a rebound.
13:07 of 1st period - Nathan MacKinnon wins face-off versus Cory Emmerton in Stars zone.
13:22 of 1st period - Wrist shot by Cory Emmerton.
13:22 of 1st period - Stopped by Philipp Grubauer without a rebound.
13:23 of 1st period - Anze Kopitar wins face-off versus Antoine Vermette in Kings zone.
13:23 of 1st period - Anze Kopitar is hit by Brian Lee.
13:49 of 1st period - Taylor Chorney is hit by Ted Purcell and loses puck.
14:00 of 1st period - Backhand shot by Ted Purcell.
14:00 of 1st period - Shot Misses the Net.
14:02 of 1st period - Wrist shot by Johnny Oduya.
14:02 of 1st period - Shot Misses the Net.
16:21 of 1st period - Icing by Boris Valabik.
16:22 of 1st period - Nathan MacKinnon wins face-off versus Antoine Vermette in Stars zone.
16:43 of 1st period - Slapshot by Nathan MacKinnon.
16:43 of 1st period - Stopped by Cory Schneider with a rebound.
16:45 of 1st period - Snap shot by Hampus Lindholm.
16:45 of 1st period - Deflect By Jaden Schwartz.
16:45 of 1st period - Stopped by Cory Schneider with a rebound.
16:47 of 1st period - Snap shot by Anze Kopitar.
16:47 of 1st period - Stopped by Cory Schneider with a rebound.
16:49 of 1st period - Wrist shot by Jaden Schwartz.
16:49 of 1st period - Shot Blocked by Brian Lee.
16:51 of 1st period - Wrist shot by Zack Kassian.
16:51 of 1st period - Deflect By Anze Kopitar.
16:51 of 1st period - Stopped by Cory Schneider with a rebound.
17:16 of 1st period - Minor Penalty to Mark Scheifele for Interference.
17:17 of 1st period - Matt Martin wins face-off versus John Tavares in Kings zone.
19:16 of 1st period - Penalty to Mark Scheifele is over, Mark Scheifele is back on ice.
19:38 of 1st period - Penalty Shot by Niklas Hjalmarsson for Stars.
19:38 of 1st period - Deke by Niklas Hjalmarsson.
19:38 of 1st period - Shot Misses the Net.
19:39 of 1st period - Anze Kopitar wins face-off versus Evgeny Grachev in Stars zone.
19:48 of 1st period - Wrist shot by Anze Kopitar.
19:48 of 1st period - Shot Blocked by Ted Purcell.
Goals for this period are 0 for Stars vs 0 for Kings.
Shots for this period are 7 for Stars vs 12 for Kings.

2nd period


0:01 of 2nd period - John Tavares wins face-off versus Anze Kopitar in neutral zone.
0:03 of 2nd period - Minor Penalty to Guillaume Latendresse for Roughing.
0:04 of 2nd period - John Tavares wins face-off versus Jaden Schwartz in Stars zone.
0:55 of 2nd period - Jeff Schultz is hit by Antoine Vermette and loses puck.
1:32 of 2nd period - Zack Kassian is hit by Ian White and loses puck.
2:03 of 2nd period - Penalty to Guillaume Latendresse is over, Guillaume Latendresse is back on ice.
2:59 of 2nd period - Guillaume Latendresse is hit by Anze Kopitar and loses puck.
3:33 of 2nd period - Radko Gudas is hit by Ian White and loses puck.
4:15 of 2nd period - Icing by Dan Hamhuis.
4:16 of 2nd period - Jussi Jokinen wins face-off versus Peter Regin in Kings zone.
4:21 of 2nd period - Snap shot by Alex Chiasson.
4:21 of 2nd period - Stopped by Philipp Grubauer without a rebound.
4:22 of 2nd period - Anze Kopitar wins face-off versus John Tavares in Kings zone.
4:22 of 2nd period - Anze Kopitar is hit by John Tavares.
4:31 of 2nd period - Wrist shot by Zack Kassian.
4:31 of 2nd period - Shot Misses the Net.
4:33 of 2nd period - Snap shot by Zack Kassian.
4:33 of 2nd period - Stopped by Cory Schneider without a rebound.
4:34 of 2nd period - Mark Scheifele wins face-off versus John Tavares in Stars zone.
4:37 of 2nd period - Wrist shot by Kris Versteeg.
4:37 of 2nd period - Stopped by Cory Schneider without a rebound.
4:38 of 2nd period - John Tavares wins face-off versus Mark Scheifele in Stars zone.
5:46 of 2nd period - Cam Atkinson is hit by Sean Bergenheim and loses puck.
6:13 of 2nd period - Slapshot by John Tavares.
6:13 of 2nd period - Shot Misses the Net.
6:15 of 2nd period - Snap shot by Michael Grabner.
6:15 of 2nd period - Stopped by Philipp Grubauer with a rebound.
6:21 of 2nd period - Minor Penalty to Zack Kassian for Interference.
6:22 of 2nd period - John Tavares wins face-off versus Matt Martin in Kings zone.
6:27 of 2nd period - Wrist shot by Guillaume Latendresse.
6:27 of 2nd period - Shot Misses the Net.
6:29 of 2nd period - Slapshot by Michael Grabner.
6:29 of 2nd period - Shot Misses the Net.
6:31 of 2nd period - Slapshot by Johnny Oduya.
6:31 of 2nd period - Stopped by Philipp Grubauer with a rebound.
6:33 of 2nd period - Snap shot by Michael Grabner.
6:33 of 2nd period - Stopped by Philipp Grubauer without a rebound.
6:34 of 2nd period - John Tavares wins face-off versus Matt Martin in Kings zone.
6:35 of 2nd period - Slapshot by Guillaume Latendresse.
6:35 of 2nd period - Stopped by Philipp Grubauer without a rebound.
6:36 of 2nd period - Matt Martin wins face-off versus John Tavares in Kings zone.
6:53 of 2nd period - Slapshot by John Tavares.
6:53 of 2nd period - Shot Blocked by Jeff Schultz.
7:25 of 2nd period - Snap shot by Jussi Jokinen.
7:25 of 2nd period - Stopped by Philipp Grubauer without a rebound.
7:26 of 2nd period - John Tavares wins face-off versus Peter Regin in Kings zone.
7:27 of 2nd period - Wrist shot by Michael Grabner.
7:27 of 2nd period - Shot Misses the Net.
7:29 of 2nd period - Slapshot by Ian White.
7:29 of 2nd period - Deflect By John Tavares.
7:29 of 2nd period - Stopped by Philipp Grubauer without a rebound.
7:30 of 2nd period - John Tavares wins face-off versus Peter Regin in Kings zone.
8:01 of 2nd period - Wrist shot by John Tavares.
8:01 of 2nd period - Goal by John Tavares - Stars : 1 - Kings : 0.
8:02 of 2nd period - Mark Scheifele wins face-off versus John Tavares in neutral zone.
8:11 of 2nd period - Wrist shot by Mark Scheifele.
8:11 of 2nd period - Shot Misses the Net.
9:34 of 2nd period - Snap shot by John Tavares.
9:34 of 2nd period - Stopped by Philipp Grubauer with a rebound.
9:36 of 2nd period - Slapshot by Brian Lee.
9:36 of 2nd period - Shot Misses the Net.
9:38 of 2nd period - Slapshot by Ian White.
9:38 of 2nd period - Shot Blocked by Taylor Chorney.
9:57 of 2nd period - Slapshot by Zack Kassian.
9:57 of 2nd period - Shot Blocked by Ian White.
9:59 of 2nd period - Slapshot by Taylor Chorney.
9:59 of 2nd period - Stopped by Cory Schneider with a rebound.
11:30 of 2nd period - Off-side.
11:31 of 2nd period - Cory Emmerton wins face-off versus Nathan MacKinnon in neutral zone.
12:27 of 2nd period - Snap shot by Alex Chiasson.
12:27 of 2nd period - Stopped by Philipp Grubauer without a rebound.
12:28 of 2nd period - Guillaume Latendresse wins face-off versus Mark Scheifele in Kings zone.
12:31 of 2nd period - Slapshot by Guillaume Latendresse.
12:31 of 2nd period - Shot Misses the Net.
12:37 of 2nd period - Wrist shot by John Tavares.
12:37 of 2nd period - Shot Misses the Net.
13:05 of 2nd period - Wrist shot by Nathan MacKinnon.
13:05 of 2nd period - Shot Misses the Net.
13:07 of 2nd period - Snap shot by Taylor Chorney.
13:07 of 2nd period - Stopped by Cory Schneider without a rebound.
13:08 of 2nd period - Anze Kopitar wins face-off versus Antoine Vermette in Stars zone.
13:09 of 2nd period - Snap shot by Jaden Schwartz.
13:09 of 2nd period - Stopped by Cory Schneider without a rebound.
13:10 of 2nd period - Alex Chiasson wins face-off versus Anze Kopitar in Stars zone.
14:08 of 2nd period - Minor Penalty to Dan Hamhuis for Hooking.
14:09 of 2nd period - John Tavares wins face-off versus Matt Martin in Kings zone.
14:09 of 2nd period - Snap shot by Guillaume Latendresse.
14:09 of 2nd period - Shot Misses the Net.
14:11 of 2nd period - Snap shot by Michael Grabner.
14:11 of 2nd period - Shot Blocked by Matt Martin.
14:13 of 2nd period - Snap shot by Ian White.
14:13 of 2nd period - Shot Blocked by Taylor Chorney.
14:15 of 2nd period - Snap shot by Guillaume Latendresse.
14:15 of 2nd period - Stopped by Philipp Grubauer with a rebound.
14:17 of 2nd period - Wrist shot by John Tavares.
14:17 of 2nd period - Stopped by Philipp Grubauer with a rebound.
14:19 of 2nd period - Snap shot by Michael Grabner.
14:19 of 2nd period - Shot Misses the Net.
15:23 of 2nd period - Matt Martin is hit by John Tavares and loses puck.
16:08 of 2nd period - Penalty to Dan Hamhuis is over, Dan Hamhuis is back on ice.
16:10 of 2nd period - Off-side.
16:11 of 2nd period - Mark Scheifele wins face-off versus Alexander Frolov in neutral zone.
16:36 of 2nd period - Niklas Hjalmarsson is hit by Jaden Schwartz and loses puck.
17:25 of 2nd period - Cory Emmerton is hit by Kris Versteeg.
17:35 of 2nd period - Hampus Lindholm is hit by Boris Valabik and loses puck.
17:54 of 2nd period - Boris Valabik is hit by Anze Kopitar and loses puck.
18:13 of 2nd period - Snap shot by Michael Grabner.
18:13 of 2nd period - Stopped by Philipp Grubauer without a rebound.
18:14 of 2nd period - Nathan MacKinnon wins face-off versus Antoine Vermette in Kings zone.
18:21 of 2nd period - Wrist shot by Maxim Afinogenov.
18:21 of 2nd period - Shot Blocked by Brian Lee.
18:25 of 2nd period - Slapshot by Nathan MacKinnon.
18:25 of 2nd period - Shot Misses the Net.
18:27 of 2nd period - Slapshot by Matt Martin.
18:27 of 2nd period - Goal by Matt Martin - Stars : 1 - Kings : 1.
18:28 of 2nd period - Mark Scheifele wins face-off versus John Tavares in neutral zone.
18:35 of 2nd period - Slapshot by Victor Hedman.
18:35 of 2nd period - Stopped by Cory Schneider without a rebound.
18:36 of 2nd period - John Tavares wins face-off versus Mark Scheifele in Stars zone.
18:38 of 2nd period - Minor Penalty to Guillaume Latendresse for Hooking.
18:39 of 2nd period - John Tavares wins face-off versus Nathan MacKinnon in Stars zone.
18:39 of 2nd period - John Tavares is hit by Nathan MacKinnon.
19:57 of 2nd period - Wrist shot by Boris Valabik.
19:57 of 2nd period - Shot Misses the Net.
19:59 of 2nd period - Snap shot by Johnny Oduya.
19:59 of 2nd period - Stopped by Philipp Grubauer without a rebound.
Goals for this period are 1 for Stars vs 1 for Kings.
Shots for this period are 14 for Stars vs 7 for Kings.

3rd period


0:01 of 3rd period - John Tavares wins face-off versus Nathan MacKinnon in neutral zone.
0:32 of 3rd period - Snap shot by Kris Versteeg.
0:32 of 3rd period - Shot Misses the Net.
0:38 of 3rd period - Penalty to Guillaume Latendresse is over, Guillaume Latendresse is back on ice.
0:43 of 3rd period - Off-side.
0:44 of 3rd period - Patrick Marleau wins face-off versus Antoine Vermette in neutral zone.
1:11 of 3rd period - B.J. Crombeen is hit by Kris Versteeg and loses puck.
1:38 of 3rd period - Michael Grabner is hit by Zack Kassian and loses puck.
1:54 of 3rd period - Icing by Antoine Vermette.
1:55 of 3rd period - Antoine Vermette wins face-off versus Nathan MacKinnon in Stars zone.
3:06 of 3rd period - Radko Gudas is hit by Alex Chiasson and loses puck.
3:11 of 3rd period - Wrist shot by Jussi Jokinen.
3:11 of 3rd period - Stopped by Philipp Grubauer with a rebound.
3:19 of 3rd period - Wrist shot by Antoine Vermette.
3:19 of 3rd period - Stopped by Philipp Grubauer without a rebound.
3:20 of 3rd period - John Tavares wins face-off versus Mark Scheifele in Kings zone.
3:46 of 3rd period - Jeff Schultz is hit by Brian Lee and loses puck.
4:27 of 3rd period - Cam Atkinson is hit by Maxim Afinogenov and loses puck.
4:42 of 3rd period - Wrist shot by Matt Martin.
4:42 of 3rd period - Shot Misses the Net.
5:19 of 3rd period - Slapshot by Ted Purcell.
5:19 of 3rd period - Stopped by Philipp Grubauer without a rebound.
5:20 of 3rd period - John Tavares wins face-off versus Mark Scheifele in Kings zone.
5:36 of 3rd period - Wrist shot by Mark Scheifele.
5:36 of 3rd period - Stopped by Cory Schneider with a rebound.
5:46 of 3rd period - Zack Kassian is hit by Alexander Frolov and loses puck.
5:56 of 3rd period - Minor Penalty to Boris Valabik for Tripping.
5:57 of 3rd period - Mark Scheifele wins face-off versus John Tavares in Stars zone.
5:57 of 3rd period - Snap shot by Kris Versteeg.
5:57 of 3rd period - Deflect By Sean Bergenheim.
5:57 of 3rd period - Stopped by Cory Schneider with a rebound.
6:01 of 3rd period - Slapshot by Sean Bergenheim.
6:01 of 3rd period - Stopped by Cory Schneider without a rebound.
6:02 of 3rd period - Mark Scheifele wins face-off versus John Tavares in Stars zone.
6:07 of 3rd period - Andrej Sustr is hit by Sean Bergenheim and loses puck.
6:36 of 3rd period - Slapshot by Hampus Lindholm.
6:36 of 3rd period - Stopped by Cory Schneider with a rebound.
7:56 of 3rd period - Penalty to Boris Valabik is over, Boris Valabik is back on ice.
8:03 of 3rd period - Evgeny Grachev is hit by Patrick Marleau and loses puck.
8:10 of 3rd period - Snap shot by T.J. Oshie.
8:10 of 3rd period - Shot Misses the Net.
8:22 of 3rd period - Wrist shot by Nathan MacKinnon.
8:22 of 3rd period - Shot Misses the Net.
8:47 of 3rd period - Slapshot by Niklas Hjalmarsson.
8:47 of 3rd period - Stopped by Philipp Grubauer without a rebound.
8:48 of 3rd period - Peter Regin wins face-off versus John Tavares in Kings zone.
9:02 of 3rd period - Hampus Lindholm is hit by Michael Grabner and loses puck.
9:20 of 3rd period - Slapshot by Niklas Hjalmarsson.
9:20 of 3rd period - Shot Misses the Net.
9:22 of 3rd period - Slapshot by Antoine Vermette.
9:22 of 3rd period - Stopped by Philipp Grubauer with a rebound.
9:24 of 3rd period - Slapshot by Niklas Hjalmarsson.
9:24 of 3rd period - Shot Blocked by Jeff Schultz.
9:38 of 3rd period - Snap shot by Sean Bergenheim.
9:38 of 3rd period - Stopped by Cory Schneider with a rebound.
9:40 of 3rd period - Slapshot by Hampus Lindholm.
9:40 of 3rd period - Shot Misses the Net.
9:42 of 3rd period - Wrist shot by Sean Bergenheim.
9:42 of 3rd period - Stopped by Cory Schneider without a rebound.
9:43 of 3rd period - John Tavares wins face-off versus Anze Kopitar in Stars zone.
9:52 of 3rd period - Radko Gudas is hit by Michael Grabner.
10:21 of 3rd period - Wrist shot by Jussi Jokinen.
10:21 of 3rd period - Stopped by Philipp Grubauer with a rebound.
10:23 of 3rd period - Slapshot by Brian Lee.
10:23 of 3rd period - Shot Misses the Net.
10:29 of 3rd period - Minor Penalty to Dan Hamhuis for Hooking.
10:30 of 3rd period - John Tavares wins face-off versus Matt Martin in Kings zone.
10:43 of 3rd period - Slapshot by Michael Grabner.
10:43 of 3rd period - Stopped by Philipp Grubauer with a rebound.
10:45 of 3rd period - Backhand shot by Boris Valabik.
10:45 of 3rd period - Stopped by Philipp Grubauer with a rebound.
10:47 of 3rd period - Slapshot by Johnny Oduya.
10:47 of 3rd period - Goal by Johnny Oduya - Stars : 2 - Kings : 1.
10:48 of 3rd period - Mark Scheifele wins face-off versus John Tavares in neutral zone.
11:12 of 3rd period - Icing by Sean Bergenheim.
11:13 of 3rd period - Mark Scheifele wins face-off versus Antoine Vermette in Kings zone.
11:26 of 3rd period - Snap shot by Jussi Jokinen.
11:26 of 3rd period - Shot Misses the Net.
11:28 of 3rd period - Wrist shot by Antoine Vermette.
11:28 of 3rd period - Stopped by Philipp Grubauer without a rebound.
11:29 of 3rd period - John Tavares wins face-off versus Mark Scheifele in Kings zone.
12:03 of 3rd period - Snap shot by Victor Hedman.
12:03 of 3rd period - Shot Blocked by Brian Lee.
12:28 of 3rd period - Slapshot by T.J. Oshie.
12:28 of 3rd period - Goal by T.J. Oshie - Stars : 2 - Kings : 2.
12:29 of 3rd period - John Tavares wins face-off versus Mark Scheifele in neutral zone.
12:53 of 3rd period - Icing by Hampus Lindholm.
12:54 of 3rd period - Mark Scheifele wins face-off versus Antoine Vermette in Kings zone.
12:54 of 3rd period - Mark Scheifele is hit by Brian Lee.
13:23 of 3rd period - Icing by Michael Grabner.
13:24 of 3rd period - John Tavares wins face-off versus Nathan MacKinnon in Stars zone.
13:24 of 3rd period - John Tavares is hit by Radko Gudas.
13:36 of 3rd period - Snap shot by Guillaume Latendresse.
13:36 of 3rd period - Stopped by Philipp Grubauer with a rebound.
13:38 of 3rd period - Snap shot by Guillaume Latendresse.
13:38 of 3rd period - Stopped by Philipp Grubauer with a rebound.
13:40 of 3rd period - Slapshot by Brian Lee.
13:40 of 3rd period - Stopped by Philipp Grubauer with a rebound.
13:56 of 3rd period - Snap shot by B.J. Crombeen.
13:56 of 3rd period - Shot Blocked by Matt Martin.
14:02 of 3rd period - Snap shot by B.J. Crombeen.
14:02 of 3rd period - Shot Blocked by Victor Hedman.
14:08 of 3rd period - Minor Penalty to Maxim Afinogenov for Holding.
14:09 of 3rd period - Michael Grabner wins face-off versus Matt Martin in Kings zone.
14:16 of 3rd period - Wrist shot by John Tavares.
14:16 of 3rd period - Stopped by Philipp Grubauer with a rebound.
14:18 of 3rd period - Slapshot by Michael Grabner.
14:18 of 3rd period - Deflect By Anze Kopitar.
14:18 of 3rd period - Shot Blocked by Taylor Chorney.
14:18 of 3rd period - Puck is out of play.
14:19 of 3rd period - John Tavares wins face-off versus Matt Martin in Kings zone.
14:20 of 3rd period - Wrist shot by Guillaume Latendresse.
14:20 of 3rd period - Shot Blocked by Matt Martin.
14:59 of 3rd period - Off-side.
15:00 of 3rd period - Matt Martin wins face-off versus Antoine Vermette in neutral zone.
15:13 of 3rd period - Wrist shot by Jussi Jokinen.
15:13 of 3rd period - Shot Misses the Net.
15:15 of 3rd period - Wrist shot by Alex Chiasson.
15:15 of 3rd period - Shot Blocked by Radko Gudas.
15:15 of 3rd period - Radko Gudas from Kings is injured at 15:15 of 3rd period (Back Spasms).
15:16 of 3rd period - John Tavares wins face-off versus Anze Kopitar in Kings zone.
15:53 of 3rd period - Slapshot by Antoine Vermette.
15:53 of 3rd period - Stopped by Philipp Grubauer with a rebound.
16:05 of 3rd period - John Tavares is hit by Taylor Chorney and loses puck.
16:08 of 3rd period - Penalty to Maxim Afinogenov is over, Maxim Afinogenov is back on ice.
17:05 of 3rd period - Off-side.
17:06 of 3rd period - Anze Kopitar wins face-off versus Antoine Vermette in neutral zone.
17:31 of 3rd period - Ian White is hit by Nathan MacKinnon and loses puck.
18:14 of 3rd period - Snap shot by Hampus Lindholm.
18:14 of 3rd period - Stopped by Cory Schneider with a rebound.
18:16 of 3rd period - Slapshot by Hampus Lindholm.
18:16 of 3rd period - Stopped by Cory Schneider without a rebound.
18:17 of 3rd period - Anze Kopitar wins face-off versus Cory Emmerton in Stars zone.
18:18 of 3rd period - Slapshot by Jaden Schwartz.
18:18 of 3rd period - Shot Blocked by Alexander Frolov.
18:24 of 3rd period - Zack Kassian is hit by Cory Emmerton and loses puck.
18:39 of 3rd period - Snap shot by Zack Kassian.
18:39 of 3rd period - Stopped by Cory Schneider with a rebound.
18:47 of 3rd period - Alexander Frolov is hit by Hampus Lindholm and loses puck.
19:10 of 3rd period - Wrist shot by Alexander Frolov.
19:10 of 3rd period - Stopped by Philipp Grubauer with a rebound.
19:12 of 3rd period - Slapshot by Ian White.
19:12 of 3rd period - Deflect By Taylor Chorney.
19:12 of 3rd period - Stopped by Philipp Grubauer with a rebound.
19:14 of 3rd period - Slapshot by Andrej Sustr.
19:14 of 3rd period - Stopped by Philipp Grubauer without a rebound.
19:15 of 3rd period - Nathan MacKinnon wins face-off versus Antoine Vermette in Kings zone.
19:15 of 3rd period - Nathan MacKinnon is hit by Niklas Hjalmarsson.
Goals for this period are 1 for Stars vs 1 for Kings.
Shots for this period are 18 for Stars vs 10 for Kings.

Overtime #1


0:01 of 1st overtime period - John Tavares wins face-off versus Anze Kopitar in neutral zone.
0:08 of 1st overtime period - Wrist shot by Guillaume Latendresse.
0:08 of 1st overtime period - Goal by Guillaume Latendresse - Stars : 3 - Kings : 2.
Goals for this period are 1 for Stars vs 0 for Kings.
Shots for this period are 1 for Stars vs 0 for Kings.